 Dungeon Crawl Stone Soup version 0.29-a0-341-g24ffce5b50 (webtiles) character file.

Game seed: 13463982383680403838

39 spaghetti the Covert (level 3, -2/34 HPs)
             Began as a Naga Delver on Apr 20, 2022.
             Killed by nerve-wracking pain
             ... invoked by a shadow imp
              (10 damage)
             ... on level 5 of the Dungeon.
             The game lasted 00:01:03 (647 turns).

spaghetti the Covert (Naga Delver)                   Turns: 647, Time: 00:01:04

Health: -2/34      AC:  2    Str: 14    XL:     3   Next: 47%
Magic:  3/3        EV:  9    Int: 10    God:
Gold:   12         SH:  0    Dex: 14    Spells: 2/2 levels left

rFire   . . .      SeeInvis +   a - +0 falchion {long}
rCold   . . .      Faith    .   (no shield)
rNeg    . . .      Spirit   .   b - +0 leather armour
rPois   +          Reflect  .   (no helmet)
rElec   .          Harm     .   (no cloak)
rCorr   .          Rampage  .   (no gloves)
Will    .....                   (no barding)
Stlth   ++++......              (no amulet)
HPRegen 0.11/turn               (no ring)
MPRegen 0.08/turn               (no ring)

@: mighty, short of breath, very slow
A: AC +1, large, see invisible, deformed body, poison resistance, slowness 2,
spit poison 1, naga tail 1
a: Spit Poison


You were on level 5 of the Dungeon.
You visited 1 branch of the dungeon, and saw 2 of its levels.

You collected 12 gold pieces.


Innate Abilities, Weirdness & Mutations

Your serpentine skin is tough. (AC +1)
You have supernaturally acute eyesight. (SInv)
Armour fits poorly on your strangely shaped body.
Your system is resistant to poisons. (rPois)
You cover ground very slowly.
You can spit poison.
You have a snake-like lower body.


   Skills:
 - Level 3.0 Fighting
 - Level 2.0 Long Blades
 - Level 1.5 Dodging
 + Level 8.9 Stealth


You had 2 spell levels left.
You didn't know any spells.
Your spell library was empty.

Inventory:

Hand Weapons
 a - a +0 falchion (weapon) {long}
Armour
 b - a +0 leather armour (worn)
Jewellery
 j - a ring of flight
   (You found it on level 5 of the Dungeon)
Wands
 g - a wand of digging (3)
Scrolls
 c - a scroll of fog
 d - a scroll of magic mapping {!r}
 i - a scroll of teleportation {@r4}

Dungeon Overview and Level Annotations

Branches:
Dungeon (5/15)
 Temple: D:4-7

Altars:

..##..... #.)## #....
...#.....###...###...# .
.........#...........# .#
.....................###..#
.....................#.....
........................##.##
..........## ##......# #...
...........###...##.## #...
.........o.5@#.#####.# ##..#
..........#....# #.## #...#
.........#.#..## ##.###...#
........#####.# ##..##...#
...#....# #.# ###.........
..... ##...#
#.####.<......... .... ..##.#
#.......####.....
....##.###..####.<...###
##.... ......#
#.....##...##### ###.#.


You could see a shadow imp and an orc.


Message History

Unknown command.
Unknown command.
You start resting.
Your extra speed is starting to run out.
You feel yourself slow down.
Unknown command. 😮 HP[+16]
You regained 16 hp, and now have 18/28 hp.
Unknown command.
You start resting. 😎 HP[+10]
Your hp is fully restored (28).
e - an amethyst potion Key pressed, stopping explore.
Key pressed, stopping explore.
Okay, then.
Aiming: Spit Poison (2% risk of failure)
Press: ? - help, Shift-Dir - straight line, f - hound
Aim: a hound (asleep, 100% to hit)
The splash of poison hits the hound.
The hound is poisoned.
The hound barks!
You closely miss the hound. The hound bites you.
A shadow imp comes into view.
The hound bites you. 😮 HP[-7]
You take 7 damage, and now have 21/28 hp.
MASSIVE DAMAGE!! (PAUSE) Unknown command.
The shadow imp shouts, "Return whence thou came, thou frothy dread-bolted nobody!"
You hit the hound. The hound bites you. 😮 HP[-4]
You take 4 damage, and now have 17/28 hp.
Unknown command.
Unknown command.
You miss the hound.
You have got your breath back.
The hound bites you.
* * * LOW HITPOINT WARNING * * *
The hound completely misses you. 😨 HP[-3]
You take 3 damage, and now have 14/28 hp.
Unknown command.
Unknown command.
Aiming: Spit Poison (2% risk of failure)
Press: ? - help, Shift-Dir - straight line, f/p - hound
Aim: a hound (almost dead, poisoned, 45% to hit)
The splash of poison misses the hound.
The hound bites you but does no damage. The hound barely misses you.
You hit the hound.
You kill the hound!
Your Stealth skill increases to level 8!
You have reached level 3!
Your experience leads to an increase in your attributes!
Increase (S)trength, (I)ntelligence, or (D)exterity?
You feel agile. x2; Your skin feels tougher. 😮 HP[+4] MP[+1]
You now have 34 max hp (+6).
You regained 4 hp, and now have 18/34 hp.
Your mp is fully restored (3).
You have got your breath back.
Aiming: Spit Poison (2% risk of failure)
Press: ? - help, Shift-Dir - straight line, f - shadow imp
Aim: a shadow imp (54% to hit)
The splash of poison misses the shadow imp.
The shadow imp grinds its teeth.
You hit the shadow imp. The shadow imp closely misses you.
The shadow imp hits you.
* * * LOW HITPOINT WARNING * * *
😨 HP[-1]
You take 1 damage, and now have 17/34 hp.
You hit the shadow imp but do no damage.
You have got your breath back.
An orc comes into view. It is wielding a +0 club.
The shadow imp hits you.
* * * LOW HITPOINT WARNING * * *
😨 HP[-5]
You take 5 damage, and now have 12/34 hp.
Aiming: Spit Poison (2% risk of failure)
Press: ? - help, Shift-Dir - straight line, f/p - shadow imp
Aim: a shadow imp (lightly wounded, 54% to hit)
The splash of poison hits the shadow imp.
The shadow imp closely misses you.
The shadow imp attacks as you move away!
The shadow imp hits you.
* * * LOW HITPOINT WARNING * * *
The shadow imp barely misses you. 😨 HP[-2]
You take 2 damage, and now have 10/34 hp.
As you read the scroll labelled HYIGUKHY TEGOF, it crumbles to dust.
It is a scroll of identify.
i - a scroll of teleportation The shadow imp hits you.
* * * LOW HITPOINT WARNING * * *
😱 HP[-2]
You take 2 damage, and now have 8/34 hp.
It was a potion of might.
You feel very mighty all of a sudden. The shadow imp gestures at you.
Pain shoots through your body!
You die...

Skill      XL: |  1  2 |
---------------+-------+-----
Stealth        | 8 |  8.9
Fighting       | |  3.0
Long Blades    | |  2.0
Dodging        | |  1.5

Action                   || total
-------------------------++-------
Melee: Falchion          ||    21
 Abil: Spit Poison       ||     7
  Use: Scroll            ||     2
       Potion            ||     2
 Stab: Sleeping          ||     2
Armor: Leather armour    ||     3
Dodge: Dodged            ||    13

Levels and vault maps discovered:
D:4:      layout_cave_pods, lemuel_crystal_altar,
          minmay_temple_entry_gardened_gates, minmay_rat_hole
D:5:      layout_layer_cave, minmay_manual_mess

Notes
Turn   | Place    | Note
-------+----------+-------------------------------------------
     0 | D:5      | spaghetti the Naga Delver began the quest for the Orb.
     0 | D:5      | Reached XP level 1. HP: 21/21 MP: 1/1
     0 | D:5      | magus.rc [v1.9.6]
    68 | D:5      | Noticed a hound
    76 | D:4      | Noticed an orc wizard
   208 | D:4      | Reached XP level 2. HP: 12/28 MP: 2/2
   208 | D:4      | HP: 7/28 [quokka (5)]
   212 | D:4      | HP: 1/28 [quokka (3)]
   639 | D:5      | Reached skill level 8 in Stealth
   639 | D:5      | Reached XP level 3. HP: 18/34 MP: 3/3
   646 | D:5      | HP: 8/34 [shadow imp (2)]
   647 | D:5      | Killed from afar by a shadow imp

Vanquished Creatures
  A hound (D:5)
  A worm (D:4)
  8 rats (D:4)
10 creatures vanquished.

Vanquished Creatures (others)
  8 plants (D:4)
8 creatures vanquished.

Grand Total: 18 creatures vanquished

Table legend:
 A = Non-vault XP
 B = Vault XP
 C = Vault XP percentage of total XP
 D = Non-vault monster count
 E = Vault monster count
 F = Vault count percentage of total count
                 A         B        C        D         E       F
            +---------+---------+-------+---------+---------+-------
      Total |      49 |       8 |  14.0 |       2 |       8 |  80.0
            +---------+---------+-------+---------+---------+-------
        D:4 |       4 |       8 |  66.7 |       1 |       8 |  88.9
        D:5 |      45 |       0 |   0.0 |       1 |       0 |   0.0
            +---------+---------+-------+---------+---------+-------

Illustrated notes

Table legend:
 A = Kills in this place as a percentage of kills in entire the game.
 B = Kills by you in this place as a percentage of kills by you in the entire game.
 C = Kills by friends in this place as a percentage of kills by friends in the entire game.
 D = Other kills in this place as a percentage of other kills in the entire game.
 E = Experience gained in this place as a percentage of experience gained in the entire game.
 F = Experience gained in this place divided by the number of levels of this place that you have seen.
                   A       B       C       D       E      F
               +-------+-------+-------+-------+-------+----------------------
         Total | 100.0 | 100.0 |   N/A |   N/A | 100.0 |  28.5
       Dungeon | 100.0 | 100.0 |   N/A |   N/A | 100.0 |  28.5
               +-------+-------+-------+-------+-------+----------------------

Table legend: (Time is in decaauts)
 A = Elapsed time spent in this place.
 B = Non-inter-level travel time spent in this place.
 C = Inter-level travel time spent in this place.
 D = Time resting spent in this place.
 E = Time spent auto-exploring this place.
 F = Levels seen in this place.
 G = Mean time per level.
                   A        B        C        D        E       F      G
               +--------+--------+--------+--------+--------+-----+--------+
         Total |    718 |    718 |      0 |    284 |    341 |   2 |  359.0 |
       Dungeon |    718 |    718 |      0 |    284 |    341 |   2 |  359.0 |
               +--------+--------+--------+--------+--------+-----+--------+

Top non-repeatable levels by time:
     D:5: 575 daAuts
     D:4: 143 daAuts
